 Dungeon Crawl Stone Soup version 0.19.5 (webtiles) character file.

57068 equalderp2856 the Unseen (level 14, 0/66 HPs)
             Began as a Felid Fighter on Mar 9, 2017.
             Succumbed to a battleaxe of venom's poison
             ... on level 2 of the Elven Halls on Mar 10, 2017.
             The game lasted 05:20:07 (66244 turns).

equalderp2856 the Unseen (Felid Fighter)           Turns: 66244, Time: 05:20:08

Health: 0/66       AC:  3    Str: 13    XL:     14   Next: 44%
Magic:  6/37       EV: 31    Int: 12    God:
Gold:   2401       SH:  0    Dex: 22    Spells: 10 memorised, 11 levels left
                                        Lives:  0   Deaths: 2

rFire  + . .     SeeInvis +       - Unarmed
rCold  + . .     Gourm    .     (armour unavailable)
rNeg   . . .     Faith    .     (shield unavailable)
rPois  .         Spirit   +     (helmet unavailable)
rElec  .         Reflect  .     (cloak unavailable)
rCorr  .         Harm     .     (gloves unavailable)
MR     +++..                    (boots unavailable)
Stlth  ++++++++..               r - amulet of guardian spirit
                                l - +3 ring of dexterity
                                v - ring of Liziaf {rF+ MR+ MP+9}

@: lethally poisoned (0 -> -28), confusing touch (expiring), repel missiles,
quick
A: no armour, no weapons or thrown items, stealth, claws 1, fangs 3, see
invisible, carnivore 3, speed 1, shaggy fur 3, slow metabolism 1, sharp paws
a: no special abilities


You were on level 2 of the Elven Halls.
You were not hungry.

You visited 6 branches of the dungeon, and saw 27 of its levels.

You collected 2998 gold pieces.
You spent 597 gold pieces at shops.

Inventory:

Missiles
 o - 703 arrows
Jewellery
 k - an uncursed amulet of guardian spirit
 l - a +3 ring of dexterity (right paw)
 q - an uncursed ring of flight
 r - an amulet of guardian spirit (around neck)
 u - an uncursed ring of poison resistance
 v - the ring of Liziaf (left paw) {rF+ MR+ MP+9}
   (You found it on level 4 of the Dungeon)

   [ring of protection from fire]

   It protects you from fire.
   It affects your resistance to hostile enchantments.
   It affects your magic capacity (+9).
 z - an uncursed ring of wizardry
 E - an uncursed ring of protection from fire
 V - a +4 ring of evasion
Wands
 m - a wand of acid (8/15)
 y - a wand of iceblast (7/15)
 H - a wand of digging (12/24)
 I - a wand of confusion (11/48)
 R - a wand of slowing (18/48)
 S - a wand of lightning (6/15)
 Y - a wand of paralysis (8/24)
Scrolls
 g - 10 scrolls of remove curse
 h - 5 scrolls of amnesia
 i - 12 scrolls of identify
 j - 5 scrolls of fear
 s - a scroll of summoning
 t - a scroll of silence
 B - 6 scrolls of magic mapping
 C - 4 scrolls of recharging
 J - 5 scrolls of fog
Potions
 a - 3 potions of might
 c - 2 potions of mutation
 d - 5 potions of agility
 f - 3 potions of lignification
 n - 6 potions of degeneration
 x - a potion of berserk rage
 A - a potion of haste
 L - 2 potions of cancellation
 M - 5 potions of brilliance
 P - a potion of invisibility
 Q - 2 potions of cure mutation
Books
 D - a book of Minor Magic

   Spells                             Type                      Level
   a - Magic Dart                     Conjuration                  1
   b - Blink                          Translocation                2
   c - Call Imp                       Summoning                    2
   d - Repel Missiles                 Charms/Air                   2
   e - Slow                           Hexes                        2
   f - Conjure Flame                  Conjuration/Fire             3
   g - Mephitic Cloud                 Conjuration/Poison/Air       3
 F - a book of Conjurations

   Spells                             Type                      Level
   a - Magic Dart                     Conjuration                  1
   b - Searing Ray                    Conjuration                  2
   c - Dazzling Spray                 Conjuration/Hexes            3
   d - Fulminant Prism                Conjuration/Hexes            4
   e - Iskenderun's Mystic Blast      Conjuration                  4
   f - Iskenderun's Battlesphere      Conjuration/Charms           5
 G - a book of Misfortune

   Spells                             Type                      Level
   a - Confusing Touch                Hexes                        1
   b - Confuse                        Hexes                        3
   c - Gell's Gravitas                Hexes/Translocation          3
   d - Petrify                        Transmutation/Earth          4
   e - Metabolic Englaciation         Hexes/Ice                    5
   f - Yara's Violent Unravelling     Hexes/Transmutation          5
 N - a book of Cantrips

   Spells                             Type                      Level
   a - Confusing Touch                Hexes                        1
   b - Animate Skeleton               Necromancy                   1
   c - Summon Small Mammal            Summoning                    1
   d - Apportation                    Translocation                1
 O - the Papyrus of Creative Conjuration
   (You found it on level 1 of the Elven Halls)

   Spells                             Type                      Level
   a - Flame Tongue                   Conjuration/Fire             1
   b - Sting                          Conjuration/Poison           1
   c - Throw Icicle                   Conjuration/Ice              4
   d - Summon Lightning Spire         Summoning/Air                4
   e - Poisonous Cloud                Conjuration/Poison/Air       6
 W - a book of Summonings

   Spells                             Type                      Level
   a - Recall                         Summoning/Translocation      3
   b - Aura of Abjuration             Summoning                    5
   c - Summon Demon                   Summoning                    5
   d - Summon Forest                  Summoning/Translocation      5
   e - Summon Mana Viper              Hexes/Summoning              5
   f - Shadow Creatures               Summoning                    6
Miscellaneous
 K - a lamp of fire
Comestibles
 b - 9 meat rations
 w - 13 bread rations
 U - 29 fruits
 Z - 4 beef jerkies


   Skills:
 * Level 10.9 Fighting
 + Level 12.7 Dodging
 + Level 19.0 Stealth
 + Level 16.5 Unarmed Combat
 + Level 9.8 Spellcasting
 + Level 2.5 Conjurations
 + Level 12.3 Hexes
 + Level 1.2 Charms
 + Level 4.1 Summonings
 + Level 2.0 Ice Magic
 + Level 0.6 Air Magic
 + Level 0.4 Evocations


You had 11 spell levels left.
You knew the following spells:

 Your Spells              Type           Power        Failure   Level  Hunger
a - Confusing Touch       Hex            #####.       1%          1    None
b - Summon Small Mammal   Summ           ###.         1%          1    None
c - Magic Dart            Conj           ##..         6%          1    None
d - Slow                  Hex            #####...     1%          2    None
e - Blink                 Tloc           N/A          21%         2    None
f - Repel Missiles        Chrm/Air       #.....       14%         2    None
g - Call Imp              Summ           ###.....     3%          2    None
h - Conjure Flame         Conj/Fire      #.......     24%         3    ##.....
i - Confuse               Hex            #####...     1%          3    ##.....
j - Throw Icicle          Conj/Ice       ##......     54%         4    ####...


Dungeon Overview and Level Annotations

Branches:
Dungeon (15/15)            Temple (1/1) D:7            Lair (6/6) D:8
  Swamp (0/4) Lair:3       Spider (0/4) Lair:4        Slime (0/5) Lair:5
    Orc (2/2) D:10            Elf (2/3) Orc:2        Vaults (0/5) D:13
 Depths (1/5) D:15

Altars:
Ashenzari
Cheibriados
Dithmenos
Elyvilon
Fedhas
Gozag
Hepliaklqana
Kikubaaqudgha
Makhleb
Nemelex Xobeh
Okawaru
Qazlal
Ru
Sif Muna
Trog
Uskayaw
Vehumet
Xom
Yredelemnul
Zin
The Shining One
Beogh
Jiyva

Shops:
D:4 ?   D:5 !   D:7 [   D:11 [   Orc:1 :   Orc:2 ![[(   Elf:2 *}%=

Annotations:
D:13 Rupert
D:14 exclusions: obsidian statue and 1 more exclusion


Innate Abilities, Weirdness & Mutations

You cannot wear armour.
You are incapable of wielding weapons or throwing items.
Your paws allow you to move quietly. (Stealth)
You have sharp claws.
You have razor-sharp teeth.
You have supernaturally acute eyesight. (SInv)
You are carnivorous and can eat meat at any time.
You cover ground quickly.
Your thick and shaggy fur keeps you warm. (AC +3, rC+)
You have a slow metabolism.
Your sharp claws are effective at attacking unaware monsters.


Message History

You are lethally poisoned!
The jumping spider pounces on you!!
* * * LOW HITPOINT WARNING * * *
You are caught in a web!
The jumping spider closely misses you.
You disentangle yourself.
* * * LOW HITPOINT WARNING * * *
You feel very sick.
The hell rat twitches its whiskers.
The hell rat struggles to get unstuck from the web.
The battleaxe of venom completely misses you.
The jumping spider barely misses you. The jumping spider closely misses you.
The hell rat struggles to get unstuck from the web.
Okay, then.
* * * LOW HITPOINT WARNING * * *
You feel very sick.
The battleaxe of venom is caught in a web!
The hell rat pulls away from the web.
Okay, then.
Okay, then.
You die...

## #.# ##.##.## .##
##+####.###.### ..## ##...##.##
####. ...# ##.....+.# ###...
)).#### ##>...###.###.....
#.....##########..(.##.....##....
####§..).))r..[(s..##.......##...
#[....##########..##.........##..
...#### #@##.....∩.....##. ...#
#.#.............#. ..##
#)#.)...........#. .##
#)....∩..8..∩..... ##
###.....).......#. ####
#.............## ###..##
##.....∩.....## ##....##
##.........### .......#
#####.......##.#


You could see a jumping spider and 2 dancing weapons.

Vanquished Creatures
  Saint Roka (Orc:2)
  Gastronok (D:8)
  A deep elf sorcerer (Elf:1)
  An ettin (Orc:2)
  The ghost of Fairytaker the Severer, a journeyman DDFi of Makhleb (Lair:1)
  Snorg (Orc:1)
  A fire dragon (D:15)
  Erolcha (D:9)
  4 vault guards
  4 hydras
  A hydra (shapeshifter) (Depths:1)
  An ice dragon (D:15)
  A death knight (D:15)
  A centaur warrior (D:13)
  The ghost of tof the Basher, a novice MiBe of Trog (D:11)
  13 dancing weapons
  Erica (D:9)
  A tengu warrior (D:15)
  2 orc high priests
  Sonja (D:13)
  4 skeletal warriors (D:13)
  11 deep elf knights
  2 unseen horrors
  7 hill giants
  8 deep elf archers
  50 deep elf magi
  2 orc knights
  5 orc sorcerers
  2 manticores
  3 cyclopes
  4 elephants (Lair:5)
  11 black mambas
  Maurice (D:8)
  2 molten gargoyles (D:13)
  A gargoyle (D:15)
  7 spiny frogs
  4 centaur skeletons
  A rime drake (Lair:5)
  5 komodo dragons
  2 kobold demonologists (D:14)
  2 efreet
  12 trolls
  3 meliai (D:13)
  A two-headed ogre (Orc:1)
  5 polar bears
  20 blink frogs
  A queen bee (shapeshifter) (Elf:1)
  2 hornets (Lair:5)
  4 slime creatures (D:12)
  11 hippogriffs
  A vampire (D:13)
  19 spriggans
  A shadow (D:12)
  2 air elementals (Elf:1)
  16 yaks
  A yak (shapeshifter) (D:15)
  A wraith (D:10)
  2 water elementals
  2 hungry ghosts
  A fire elemental (Elf:1)
  5 wyverns
  Grum (D:8)
  A steam dragon (D:7)
  5 basilisks
  6 wargs
  17 water moccasins
  10 porcupines
  28 orc warriors
  10 sky beasts
  An ice beast (D:10)
  4 black bears
  A necrophage (D:6)
  18 ogres
  7 boggarts
  39 wolves
  14 crocodiles
  8 centaurs
  4 big kobolds
  20 bullfrogs
  5 earth elementals (Elf:2)
  4 wyvern zombies
  A water moccasin zombie (D:7)
  2 wyvern skeletons (D:10)
  6 scorpions
  12 killer bees
  A wight (D:13)
  5 howler monkeys
  An electric eel (D:8)
  7 crimson imps
  4 jellies
  A bullfrog zombie (D:12)
  5 lava snakes (D:13)
  5 centaur zombies
  4 quasits
  A bullfrog skeleton (D:12)
  25 orc priests
  24 orc wizards
  5 hounds
  4 iguanas
  7 worker ants
  A hound zombie (D:4)
  A hound skeleton (D:9)
  2 howler monkey zombies
  2 worker ant zombies
  13 adders
  4 gnolls (D:9)
  6 shadow imps
  An ooze (D:4)
  An adder skeleton (D:4)
  4 worms
  A dart slug (D:4)
  7 leopard geckos
  105 orcs
  8 giant cockroaches
  12 goblins
  3 hobgoblins
  18 jackals
  2 quokkas
  9 bats
  2 frilled lizards
  19 kobolds
  A leopard gecko skeleton (D:6)
  A quokka skeleton (D:9)
  9 rats
  3 fungi
841 creatures vanquished.

Vanquished Creatures (collateral kills)
  A jelly (D:13)
1 creature vanquished.

Vanquished Creatures (others)
  A deep elf knight (Elf:1)
  An ice beast (D:12)
  A leopard gecko (D:7)
  A quokka (D:7)
  14 fungi
  2 plants
20 creatures vanquished.

Grand Total: 862 creatures vanquished

Notes
Turn   | Place    | Note
-------+----------+-------------------------------------------
     0 | D:1      | equalderp2856 the Felid Fighter began the quest for the Orb.
     0 | D:1      | Reached XP level 1. HP: 10/10 MP: 2/2
   593 | D:1      | Reached XP level 2. HP: 14/14 MP: 3/3
  1674 | D:2      | Reached XP level 3. HP: 14/17 MP: 4/4
  1776 | D:2      | Found a stormy altar of Qazlal.
  1918 | D:2      | Found a faded altar of an unknown god.
  2789 | D:3      | Reached skill level 5 in Unarmed Combat
  2793 | D:3      | Reached skill level 1 in Stealth
  2895 | D:3      | Reached XP level 4. HP: 21/21 MP: 5/5
  3342 | D:3      | Reached XP level 5. HP: 19/24 MP: 6/6
  3520 | D:4      | Got a coiled bone ring
  3572 | D:3      | Identified the ring of Liziaf {rF+ MR+ MP+9} (You found it on level 4 of the Dungeon)
  3996 | D:4      | Reached skill level 2 in Stealth
  4037 | D:4      | Found Quonuy's Magic Scroll Boutique.
  4201 | D:4      | Gained mutation: You are covered in thick fur. (AC +2) [Felid growth]
  4201 | D:4      | Reached XP level 6. HP: 25/28 MP: 7/7
  4448 | D:5      | Entered Level 5 of the Dungeon
  4572 | D:5      | Noticed a water moccasin
  4746 | D:5      | Reached skill level 5 in Dodging
  4867 | D:5      | Killed a water moccasin
  4867 | D:5      | Reached skill level 3 in Stealth
  5112 | D:5      | Reached XP level 7. HP: 29/31 MP: 8/8
  5320 | D:5      | Found Umugryip's Distillery.
  5332 | D:5      | Bought a potion of mutation for 37 gold pieces
  5569 | D:5      | Reached skill level 4 in Stealth
  6552 | D:6      | Reached skill level 5 in Stealth
  6552 | D:6      | Reached XP level 8. HP: 19/36 MP: 9/9
  7512 | D:7      | Found a white marble altar of Elyvilon.
  7647 | D:7      | Reached skill level 6 in Stealth
  7898 | D:7      | Found Runoox's Antique Armour Boutique.
  7898 | D:7      | Noticed a hippogriff
  7905 | D:7      | Killed a hippogriff
  8072 | D:7      | Reached skill level 7 in Stealth
  8144 | D:7      | Found a staircase to the Ecumenical Temple.
  8269 | D:7      | Reached skill level 10 in Unarmed Combat
  8285 | D:7      | Reached XP level 9. HP: 32/39 MP: 10/10
  8538 | Temple   | Entered the Ecumenical Temple
  9104 | D:8      | Found a staircase to the Lair.
  9157 | D:8      | Noticed a troll
  9162 | D:8      | Reached skill level 8 in Stealth
  9362 | D:8      | Noticed Grum
  9370 | D:8      | Killed Grum
  9502 | D:8      | Reached skill level 9 in Stealth
 10261 | D:8      | Killed a troll
 10261 | D:8      | Reached XP level 10. HP: 32/43 MP: 11/11
 10442 | D:8      | Noticed Gastronok
 10994 | D:8      | Killed Gastronok
 11211 | D:9      | Reached skill level 10 in Stealth
 11219 | D:10     | Entered Level 10 of the Dungeon
 11233 | D:9      | Noticed Erica
 11235 | D:9      | Killed Erica
 11780 | D:9      | Noticed Maurice
 11811 | D:8      | Killed Maurice
 11915 | D:9      | Learned a level 1 spell: Confusing Touch
 11917 | D:9      | Learned a level 1 spell: Summon Small Mammal
 12253 | D:9      | Found a radiant altar of Vehumet.
 12255 | D:9      | Found a glowing silver altar of Zin.
 12306 | D:9      | Noticed Erolcha
 12374 | D:9      | Reached skill level 11 in Stealth
 12422 | D:9      | Reached skill level 5 in Fighting
 12557 | D:9      | Found an iron altar of Okawaru.
 12563 | D:9      | Reached XP level 11. HP: 47/47 MP: 12/12
 13153 | D:10     | Reached skill level 1 in Hexes
 13523 | D:10     | Found a staircase to the Orcish Mines.
 13668 | D:10     | Reached skill level 1 in Spellcasting
 13774 | D:11     | Found Iguwisk's Armour Boutique.
 13799 | D:11     | Noticed a hill giant
 13878 | D:11     | Noticed tof's ghost (novice MiBe)
 13880 | D:11     | You fall through a shaft!
 13880 | D:12     | Noticed a deep elf mage
 14136 | D:11     | Noticed a hill giant
 14297 | D:10     | Noticed an unseen horror
 14314 | D:10     | Killed an unseen horror
 14394 | D:11     | Reached skill level 10 in Dodging
 14427 | D:11     | Reached skill level 12 in Stealth
 15187 | D:11     | Killed a hill giant
 15290 | D:11     | Noticed an unseen horror
 15301 | D:11     | Killed an unseen horror
 15658 | D:11     | Killed a hill giant
 16073 | D:12     | Noticed a hill giant
 16074 | D:12     | Found a bloodstained altar of Trog.
 16090 | D:12     | Killed a hill giant
 16597 | D:12     | Gained mutation: Your thick and shaggy fur keeps you warm. (AC +3, rC+) [Felid growth]
 16597 | D:12     | Reached XP level 12. HP: 51/51 MP: 17/17
 16636 | D:12     | Reached skill level 13 in Stealth
 17323 | D:11     | Reached skill level 5 in Hexes
 17423 | D:11     | Learned a level 1 spell: Magic Dart
 17596 | D:11     | Noticed a five-headed hydra
 17612 | D:11     | Killed a five-headed hydra
 18051 | D:13     | Reached skill level 14 in Stealth
 18184 | D:13     | Noticed Rupert
 18191 | D:13     | Paralysed by Rupert for 2 turns
 18713 | D:13     | Found a gate to the Vaults.
 18713 | D:13     | Noticed a vault guard
 18713 | D:13     | Noticed a vault guard
 18713 | D:13     | Noticed a vault guard
 18713 | D:13     | Noticed a vault guard
 18957 | D:12     | HP: 2/51 [slime creature (9)]
 19374 | D:11     | Reached skill level 1 in Summonings
 19886 | D:10     | Killed a vault guard
 20459 | D:13     | Noticed a centaur warrior
 20808 | D:13     | Killed a centaur warrior
 21559 | D:12     | Reached skill level 5 in Spellcasting
 21672 | D:12     | Killed a vault guard
 21922 | D:13     | Reached skill level 1 in Conjurations
 22046 | D:13     | Killed a vault guard
 22244 | D:13     | Noticed Sonja
 22292 | D:13     | Killed Sonja
 23041 | D:13     | Reached XP level 13. HP: 45/55 MP: 22/22
 25681 | D:9      | Killed Erolcha
 26433 | D:11     | Killed tof's ghost
 26433 | D:11     | Reached skill level 15 in Stealth
 27215 | Lair:1   | Entered Level 1 of the Lair of Beasts
 27402 | Lair:1   | Noticed Fairytaker's ghost (journeyman DDFi)
 27815 | Lair:1   | Killed Fairytaker's ghost
 28044 | Lair:2   | Found a white marble altar of Elyvilon.
 28280 | Lair:2   | Reached skill level 15 in Unarmed Combat
 30410 | Lair:3   | Found a staircase to the Swamp.
 31196 | Lair:4   | Found a hole to the Spider Nest.
 32060 | Lair:4   | Reached skill level 16 in Stealth
 33954 | Lair:5   | Reached XP level 14. HP: 59/59 MP: 25/25
 33985 | Lair:5   | Found a viscous altar of Jiyva.
 33986 | Lair:5   | Found a staircase to the Slime Pits.
 34526 | Lair:6   | Entered Level 6 of the Lair of Beasts
 39106 | Lair:6   | Reached skill level 17 in Stealth
 39446 | Lair:5   | Reached skill level 10 in Hexes
 42780 | D:15     | Entered Level 15 of the Dungeon
 43264 | D:14     | Found a shattered altar of Ashenzari.
 46412 | D:15     | Found a staircase to the Depths.
 46441 | Depths:1 | Entered Level 1 of the Depths
 47692 | Orc:1    | Entered Level 1 of the Orcish Mines
 47692 | Orc:1    | Found Zuodifil's Book Boutique.
 48528 | Orc:2    | Entered Level 2 of the Orcish Mines
 48550 | Orc:2    | Noticed Snorg
 48903 | Lair:1   | You fall through a shaft!
 50478 | Lair:2   | Reached XP level 15. HP: 68/68 MP: 28/28
 51242 | Orc:1    | Killed Snorg
 51469 | Orc:2    | Found a roughly hewn altar of Beogh.
 51654 | Orc:2    | Found a staircase to the Elven Halls.
 51712 | Orc:2    | Found a roughly hewn altar of Beogh.
 51720 | Orc:2    | Found Fuseusoa's Armour Emporium.
 52590 | Orc:1    | Found a roughly hewn altar of Beogh.
 52967 | Orc:2    | Found a roughly hewn altar of Beogh.
 52991 | Orc:2    | Found Caujeg's Distillery.
 53194 | Orc:2    | Noticed Saint Roka
 54038 | Orc:2    | Found Toubb's Antique Armour Boutique.
 54043 | Orc:2    | Found a roughly hewn altar of Beogh.
 54046 | Orc:2    | Found Jiv Xopt's Antique Weapon Shop.
 54584 | Orc:1    | Bought a book of Minor Magic for 280 gold pieces
 54589 | Orc:1    | Learned a level 2 spell: Slow
 54592 | Orc:1    | Learned a level 2 spell: Blink
 54595 | Orc:1    | Learned a level 2 spell: Repel Missiles
 54598 | Orc:1    | Learned a level 2 spell: Call Imp
 54765 | Orc:1    | Learned a level 3 spell: Conjure Flame
 54832 | Orc:1    | Bought a book of Misfortune for 280 gold pieces
 54836 | Orc:1    | Learned a level 3 spell: Confuse
 55057 | Orc:2    | Killed Saint Roka
 55311 | Elf:1    | Entered Level 1 of the Elven Halls
 56512 | Orc:2    | Reached skill level 10 in Fighting
 59336 | Elf:1    | Reached skill level 18 in Stealth
 59336 | Elf:1    | Reached skill level 1 in Charms
 61733 | Elf:1    | Noticed a deep elf sorcerer
 62080 | Elf:1    | Reached XP level 16. HP: 74/74 MP: 30/30
 62389 | Elf:1    | Identified the Papyrus of Creative Conjuration
 62468 | Elf:1    | Learned a level 4 spell: Throw Icicle
 63220 | Elf:2    | Found Maere's Jewellery Shop.
 63252 | Elf:2    | Found Yciwk's Food Shop.
 63252 | Elf:2    | Found Pymefeck's Gadget Boutique.
 63255 | Elf:2    | Found Rawear's Assorted Antiques.
 63363 | Elf:2    | Reached skill level 1 in Ice Magic
 64424 | Elf:2    | Found a large runed door.
 64424 | Elf:2    | Found a large runed door.
 64458 | Elf:2    | Found a large runed door.
 64458 | Elf:2    | Found a large runed door.
 64954 | Elf:2    | Mangled by a flail of draining
 64955 | Elf:2    | Reached XP level 15. HP: -6/70 MP: 0/38
 65024 | Elf:2    | Noticed a deep elf blademaster
 65066 | Elf:2    | HP: 2/70 [flail of draining (2)]
 65071 | Elf:2    | Slain by a flail of draining
 65072 | Elf:2    | Reached XP level 14. HP: -2/66 MP: 0/37
 65121 | Elf:2    | Reached skill level 19 in Stealth
 65331 | Elf:2    | HP: 3/66 [deep elf knight/arrow (16)]
 66243 | Elf:2    | HP: 1/66 [poisoned by a battleaxe of venom]
 66244 | Elf:2    | Succumbed to a battleaxe of venom's poison

Skill      XL: |  1  2  3  4  5  6  7  8  9 10 11 12 13 14 15 16 |
---------------+-------------------------------------------------+-----
Unarmed Combat | 5 6 7 8 10 11 13 14 15 16 | 16.5
Stealth        | 1 2 3 5 7 9 11 12 14 16 19 18 | 19.0
Dodging        | 5 6 7 8 9 10 11 12 | 12.7
Fighting       | 4 5 9 10 | 10.9
Hexes          | 4 6 8 10 11 12 | 12.3
Spellcasting   | 2 5 7 8 9 |  9.8
Summonings     | 3 4 |  4.1
Conjurations   | 1 2 |  2.5
Charms         | 1 |  1.2
Ice Magic      | 2 1 |  2.0
Air Magic      | |  0.6
Evocations     | |  0.4

Action                   |  1- 3 |  4- 6 |  7- 9 | 10-12 | 13-15 | 16-18 || total
-------------------------+-------+-------+-------+-------+-------+-------++-------
Melee: Unarmed           |   144 |   121 |   285 |   609 |  1876 |   114 ||  3149
       Bite              |    10 |    10 |    32 |    87 |   275 |    23 ||   437
       Punch             |     1 |     3 |    11 |    50 |   178 |     7 ||   250
 Cast: Confusing Touch   |       |       |       |    95 |   372 |    21 ||   488
       Summon Small Mamm |       |       |       |   107 |    71 |       ||   178
       Magic Dart        |       |       |       |    15 |    17 |       ||    32
       Repel Missiles    |       |       |       |       |    12 |       ||    12
       Confuse           |       |       |       |       |    46 |     2 ||    48
       Slow              |       |       |       |       |     1 |       ||     1
       Blink             |       |       |       |       |     1 |       ||     1
Evoke: Wand              |       |       |     4 |     1 |       |       ||     5
  Use: Scroll            |     7 |     1 |     3 |     3 |    20 |     4 ||    38
       Potion            |       |     1 |     4 |     1 |     9 |     4 ||    19
 Stab: Sleeping          |     2 |     1 |    13 |    29 |    36 |     7 ||    88
       Distracted        |       |     1 |       |     6 |    10 |       ||    17
       Confused          |       |       |     1 |    63 |   237 |    19 ||   320
  Eat: Chunk             |    11 |     4 |     8 |    23 |    73 |     1 ||   120
       Beef jerky        |       |       |       |     3 |     1 |       ||     4
       Pizza             |       |       |       |     2 |       |       ||     2
Armor: Skin              |    10 |     6 |     9 |    10 |    33 |     1 ||    69
Dodge: Dodged            |   128 |    85 |   239 |   424 |  1552 |    60 ||  2488
       Deflected         |       |       |       |       |    20 |     2 ||    22
